TOP OF THE 1ST |
---|
Portland Privateers batting - Pitching for Havana Rollers : RHP Paul Lorenzo | Pitching: RHP Paul Lorenzo | | Batting: SHB Patrick Larson | 0-0: Ball 1-0: Ball 2-0: Called Strike 2-1: Ground out 5-3 (Groundball, 5) | Batting: RHB Joe Bailey | 0-0: Ball 1-0: DOUBLE (Line Drive, 89D) | Batting: LHB Jeff Dorney | 0-0: Swinging Strike 0-1: Foul Ball, location: 2F 0-2: Ball 1-2: Ball 2-2: Strikes out swinging | Batting: SHB Cory Campbell | 0-0: Ball 1-0: Reached on error, E6 (Groundball, 6) Joe Bailey to third | Batting: LHB Dillon Beck | 0-0: Foul Ball, location: 2F 0-1: Ball 1-1: Ball 2-1: SINGLE (Line Drive, 4D) Joe Bailey scores Cory Campbell to second | Batting: LHB Carter Sweet | 0-0: Ball 1-0: 3-RUN HOME RUN (Line Drive, 7LD), Distance : 362 ft | Batting: RHB Luis Pineda | 0-0: DOUBLE (Line Drive, 9D) | Batting: RHB José Balina | 0-0: Ball 1-0: Foul Ball, location: 2F 1-1: Ball 2-1: Fly out, F9 (Line Drive, 9S) | Top of the 1st over - 4 runs, 4 hits, 1 error, 1 left on base; Portland 4 - Havana 0 | BOTTOM OF THE 1ST |
---|
Havana Rollers batting - Pitching for Portland Privateers : RHP Héctor Negrón | Pitching: RHP Héctor Negrón | | Batting: RHB Alejandro Ramírez | 0-0: Ball 1-0: Ball 2-0: Called Strike 2-1: Ball 3-1: Ground out 5-3 (Groundball, 56) | Batting: RHB Soshu Nakamura | 0-0: Ball 1-0: Foul Ball, location: 2F 1-1: Ball 2-1: Foul Ball, location: 2F 2-2: Foul Ball, location: 2F 2-2: Ground out U3 (Groundball, 3) | Batting: LHB Enrique Cortéz | 0-0: Foul Ball, location: 2F 0-1: Called Strike 0-2: Ball 1-2: Strikes out swinging | Bottom of the 1st over - 0 runs, 0 hits, 0 errors, 0 left on base; Portland 4 - Havana 0 | TOP OF THE 2ND |
---|
Portland Privateers batting - Pitching for Havana Rollers : RHP Paul Lorenzo | Batting: RHB Carlos Castro | 0-0: Ball 1-0: Ground out 5-3 (Groundball, 5) | Batting: SHB Patrick Larson | 0-0: Ball 1-0: Fly out, F9 (Flyball, 9S) | Batting: RHB Joe Bailey | 0-0: Ball 1-0: Called Strike 1-1: Ball 2-1: SINGLE (Groundball, 6S) (infield hit) | Batting: LHB Jeff Dorney | 0-0: Ball 1-0: Called Strike 1-1: Ball 2-1: Ball 3-1: Swinging Strike 3-2: Ground out 4-3 (Groundball, 4) | Top of the 2nd over - 0 runs, 1 hit, 0 errors, 1 left on base; Portland 4 - Havana 0 | BOTTOM OF THE 2ND |
---|
Havana Rollers batting - Pitching for Portland Privateers : RHP Héctor Negrón | Batting: RHB Brant Sherman | 0-0: Called Strike 0-1: Swinging Strike 0-2: Strikes out swinging | Batting: SHB Yasuhiro Ikarashi | 0-0: Swinging Strike 0-1: Called Strike 0-2: Foul Ball, location: 2F 0-2: SINGLE (Line Drive, 6MD) | Batting: RHB Tommy Davenport | 0-0: Called Strike Yasuhiro Ikarashi steals 2nd base 0-1: Ground out U3 (Groundball, 3) Yasuhiro Ikarashi to third | Batting: LHB Shiro Ueno | 0-0: DOUBLE (Flyball, 8LXD) Yasuhiro Ikarashi scores | Batting: RHB Mitsuharu Matsumoto | 0-0: Called Strike 0-1: Fly out, F6 (Popup, 6M) | Bottom of the 2nd over - 1 run, 2 hits, 0 errors, 1 left on base; Portland 4 - Havana 1 | TOP OF THE 3RD |
---|
Portland Privateers batting - Pitching for Havana Rollers : RHP Paul Lorenzo | Batting: SHB Cory Campbell | 0-0: Ball 1-0: SINGLE (Flyball, 78M) | Batting: LHB Dillon Beck | 0-0: Called Strike 0-1: Ball Cory Campbell is caught stealing 2nd base 1-1: Ball 2-1: Ball 3-1: Fly out, F3 (Line Drive, 3L) | Batting: LHB Carter Sweet | 0-0: Ball 1-0: Ball 2-0: Called Strike 2-1: Ball 3-1: Base on Balls | Batting: RHB Luis Pineda | 0-0: Foul Ball, location: 2F 0-1: Ball 1-1: Swinging Strike 1-2: Fly out, F8 (Flyball, 78XD) | Top of the 3rd over - 0 runs, 1 hit, 0 errors, 1 left on base; Portland 4 - Havana 1 | BOTTOM OF THE 3RD |
---|
Havana Rollers batting - Pitching for Portland Privateers : RHP Héctor Negrón | Batting: RHB Chad Case | 0-0: Fly out, F7 (Flyball, 7S) | Batting: RHB Alejandro Ramírez | 0-0: Swinging Strike 0-1: Fly out, F6 (Line Drive, 6) | Batting: RHB Soshu Nakamura | 0-0: Ball 1-0: Fly out, F9 (Line Drive, 9) | Bottom of the 3rd over - 0 runs, 0 hits, 0 errors, 0 left on base; Portland 4 - Havana 1 | TOP OF THE 4TH |
---|
Portland Privateers batting - Pitching for Havana Rollers : RHP Paul Lorenzo | Batting: RHB José Balina | 0-0: Ball 1-0: Ball 2-0: SOLO HOME RUN (Flyball, 9D), Distance : 390 ft | Batting: RHB Carlos Castro | 0-0: SINGLE (Line Drive, 9S) | Pitching: RHP Tu-fu Zhou | | Batting: SHB Patrick Larson | 0-0: Called Strike 0-1: SINGLE (Groundball, 34D) Carlos Castro to second Runner from 2nd tries for 3rd, SAFE, no throw | Batting: RHB Joe Bailey | 0-0: Called Strike 0-1: Foul Ball, location: 2F 0-2: Ball 1-2: SINGLE (Groundball, 6MD) Carlos Castro scores Patrick Larson to second | Batting: LHB Jeff Dorney | 0-0: Called Strike 0-1: Ball 1-1: Foul Ball, location: 2F 1-2: Ball 2-2: Fly out, F7 (Line Drive, 7) | Batting: SHB Cory Campbell | 0-0: Called Strike 0-1: Called Strike 0-2: Foul Ball, location: 2F 0-2: Ball 1-2: DOUBLE (Line Drive, 78S) Patrick Larson scores Joe Bailey to third Runner from 3rd tries for Home, SAFE, no throw | Batting: LHB Dillon Beck | 0-0: Called Strike 0-1: Called Strike 0-2: Ball 1-2: Strikes out swinging | Batting: LHB Carter Sweet | 0-0: Fly out, F8 (Flyball, 78S) | Top of the 4th over - 4 runs, 5 hits, 0 errors, 1 left on base; Portland 8 - Havana 1 | BOTTOM OF THE 4TH |
---|
Havana Rollers batting - Pitching for Portland Privateers : RHP Héctor Negrón | Batting: LHB Enrique Cortéz | 0-0: DOUBLE (Line Drive, 78XD) | Batting: RHB Brant Sherman | 0-0: SINGLE (Line Drive, 56) Enrique Cortéz to third | Batting: SHB Yasuhiro Ikarashi | 0-0: Swinging Strike 0-1: Swinging Strike 0-2: Foul Ball, location: 2F 0-2: Ball 1-2: Ball 2-2: Foul Ball, location: 2F 2-2: Strikes out swinging | Batting: RHB Tommy Davenport | 0-0: Ball 1-0: Ball 2-0: Ball 3-0: Called Strike 3-1: Foul Ball, location: 2F 3-2: Grounds into double play, 6-4-3 (Groundball, 6) | Bottom of the 4th over - 0 runs, 2 hits, 0 errors, 1 left on base; Portland 8 - Havana 1 | TOP OF THE 5TH |
---|
Portland Privateers batting - Pitching for Havana Rollers : RHP Tu-fu Zhou | Batting: RHB Luis Pineda | 0-0: Ball 1-0: Foul Ball, location: 2F 1-1: Ball 2-1: Foul Ball, location: 2F 2-2: Foul Ball, location: 2F 2-2: Strikes out swinging | Batting: RHB José Balina | 0-0: Foul Ball, location: 2F 0-1: Ground out U3 (Groundball, 3) | Batting: RHB Carlos Castro | 0-0: Swinging Strike 0-1: Called Strike 0-2: Foul Ball, location: 2F 0-2: Ball 1-2: Ball 2-2: Foul Ball, location: 2F 2-2: Foul Ball, location: 2F 2-2: Ground out 6-3 (Groundball, 6) | Top of the 5th over - 0 runs, 0 hits, 0 errors, 0 left on base; Portland 8 - Havana 1 | BOTTOM OF THE 5TH |
---|
Havana Rollers batting - Pitching for Portland Privateers : RHP Héctor Negrón | Batting: LHB Shiro Ueno | 0-0: Ground out 5-3 (Groundball, 56) | Batting: RHB Mitsuharu Matsumoto | 0-0: Foul Ball, location: 2F 0-1: Fly out, F6 (Flyball, 6MD) | Batting: RHB Chad Case | 0-0: Ball 1-0: Called Strike 1-1: Foul Ball, location: 2F 1-2: Ball 2-2: Foul Ball, location: 2F 2-2: Foul Ball, location: 2F 2-2: SOLO HOME RUN (Flyball, 7D), Distance : 371 ft | Batting: RHB Alejandro Ramírez | 0-0: Ball 1-0: Ball 2-0: Ground out 5-3 (Groundball, 56) | Bottom of the 5th over - 1 run, 1 hit, 0 errors, 0 left on base; Portland 8 - Havana 2 | TOP OF THE 6TH |
---|
Portland Privateers batting - Pitching for Havana Rollers : RHP Tu-fu Zhou | Batting: SHB Patrick Larson | 0-0: Ground out 4-3 (Groundball, 4) | Batting: RHB Joe Bailey | 0-0: Ball 1-0: Called Strike 1-1: Ball 2-1: Foul Ball, location: 2F 2-2: Strikes out looking | Batting: LHB Jeff Dorney | 0-0: Called Strike 0-1: Called Strike 0-2: Strikes out swinging | Top of the 6th over - 0 runs, 0 hits, 0 errors, 0 left on base; Portland 8 - Havana 2 | BOTTOM OF THE 6TH |
---|
Havana Rollers batting - Pitching for Portland Privateers : RHP Héctor Negrón | Batting: RHB Soshu Nakamura | 0-0: Swinging Strike 0-1: Ball 1-1: Swinging Strike 1-2: Foul Ball, location: 2F 1-2: Ball 2-2: Foul Ball, location: 2F 2-2: Foul Ball, location: 2F 2-2: Foul Ball, location: 2F 2-2: Foul Ball, location: 2F 2-2: Foul Ball, location: 2F 2-2: Ball 3-2: Strikes out swinging | Batting: LHB Enrique Cortéz | 0-0: Called Strike 0-1: Foul Ball, location: 2F 0-2: Ball 1-2: SINGLE (Flyball, 9LM) | Batting: RHB Brant Sherman | 0-0: Foul Ball, location: 2F 0-1: Swinging Strike 0-2: Ball 1-2: 2-RUN HOME RUN (Flyball, 7D), Distance : 372 ft | Pitching: RHP Carlos Molina | | Batting: SHB Yasuhiro Ikarashi | 0-0: Ball 1-0: Swinging Strike 1-1: Foul Ball, location: 2F 1-2: Strikes out swinging | Batting: RHB Tommy Davenport | 0-0: Ball 1-0: Called Strike 1-1: Ball 2-1: Called Strike 2-2: Foul Ball, location: 2F 2-2: Ball 3-2: Fly out, F3 (Popup, 3F) | Bottom of the 6th over - 2 runs, 2 hits, 0 errors, 0 left on base; Portland 8 - Havana 4 | TOP OF THE 7TH |
---|
Portland Privateers batting - Pitching for Havana Rollers : RHP Tu-fu Zhou | Pitching: RHP Leonardo Lorenzo | | Batting: SHB Cory Campbell | 0-0: Called Strike 0-1: Swinging Strike 0-2: Foul Ball, location: 2F 0-2: Ball 1-2: Ball 2-2: Ball 3-2: Foul Ball, location: 2F 3-2: Strikes out looking | Batting: LHB Dillon Beck | 0-0: Ball 1-0: Foul Ball, location: 2F 1-1: Foul Ball, location: 2F 1-2: Ground out 4-3 (Groundball, 4) | Batting: LHB Carter Sweet | 0-0: Called Strike 0-1: Ground out 4-3 (Groundball, 4M) | Top of the 7th over - 0 runs, 0 hits, 0 errors, 0 left on base; Portland 8 - Havana 4 | BOTTOM OF THE 7TH |
---|
Havana Rollers batting - Pitching for Portland Privateers : RHP Carlos Molina | Batting: LHB Shiro Ueno | 0-0: Ball 1-0: Fly out, F7 (Flyball, 78S) | Batting: RHB Mitsuharu Matsumoto | 0-0: Ball 1-0: SINGLE (Groundball, 5D) | Batting: RHB Chad Case | Pickoff Throw to First - Out! 0-0: Ball 1-0: Ball 2-0: Ball 3-0: Called Strike 3-1: Base on Balls | Batting: RHB Alejandro Ramírez | 0-0: Called Strike 0-1: SINGLE (Groundball, 6MD) Chad Case to second Runner from 2nd tries for 3rd, SAFE, no throw | Batting: RHB Soshu Nakamura | 0-0: Called Strike 0-1: Foul Ball, location: 2F 0-2: Foul Ball, location: 2F 0-2: Ball 1-2: Ball 2-2: Ball 3-2: SINGLE (Groundball, 4MD) Chad Case scores Alejandro Ramírez to second Alejandro Ramírez to third | Batting: LHB Enrique Cortéz | 0-0: Fielders Choice at 2nd, U6 (Groundball, 6M) | Bottom of the 7th over - 1 run, 3 hits, 0 errors, 2 left on base; Portland 8 - Havana 5 | TOP OF THE 8TH |
---|
Portland Privateers batting - Pitching for Havana Rollers : RHP Leonardo Lorenzo | Batting: RHB Luis Pineda | 0-0: Foul Ball, location: 2F 0-1: Ground out 5-3 (Groundball, 56S) | Batting: RHB José Balina | 0-0: Ball 1-0: Ball 2-0: SOLO HOME RUN (Flyball, 78XD), Distance : 424 ft | Batting: RHB Carlos Castro | 0-0: Ball 1-0: Foul Ball, location: 2F 1-1: Ball 2-1: Ground out 6-3 (Groundball, 6) | Batting: SHB Patrick Larson | 0-0: Ball 1-0: Fly out, F8 (Flyball, 8RM) | Top of the 8th over - 1 run, 1 hit, 0 errors, 0 left on base; Portland 9 - Havana 5 | BOTTOM OF THE 8TH |
---|
Havana Rollers batting - Pitching for Portland Privateers : RHP Carlos Molina | Batting: RHB Brant Sherman | 0-0: Foul Ball, location: 2F 0-1: SINGLE (Line Drive, 4MD) | Batting: SHB Yasuhiro Ikarashi | 0-0: Called Strike 0-1: Ball 1-1: Ball 2-1: Fly out, F7 (Flyball, 7LDF) | Batting: RHB Tommy Davenport | 0-0: Ball 1-0: 2-RUN HOME RUN (Flyball, 78XD), Distance : 420 ft | Pitching: RHP Blaine Yarbrough | | Batting: LHB Shiro Ueno | 0-0: Ball 1-0: Ball 2-0: Called Strike 2-1: Fly out, F3 (Popup, 34) | Batting: RHB Mitsuharu Matsumoto | 0-0: Ground out 6-3 (Groundball, 56) | Bottom of the 8th over - 2 runs, 2 hits, 0 errors, 0 left on base; Portland 9 - Havana 7 | TOP OF THE 9TH |
---|
Portland Privateers batting - Pitching for Havana Rollers : RHP Leonardo Lorenzo | Batting: RHB Joe Bailey | 0-0: Called Strike 0-1: Ball 1-1: Ball 2-1: Called Strike 2-2: Ball 3-2: Strikes out swinging, 2-3 out at first. | Batting: LHB Jeff Dorney | 0-0: Ball 1-0: Foul Ball, location: 2F 1-1: Ball 2-1: Ground out 3-1 (Groundball, 34S) | Batting: SHB Cory Campbell | 0-0: Foul Ball, location: 2F 0-1: Foul Ball, location: 2F 0-2: Strikes out swinging | Top of the 9th over - 0 runs, 0 hits, 0 errors, 0 left on base; Portland 9 - Havana 7 | |